 Dungeon Crawl Stone Soup version 0.28-a0-494-ge2d2658822 (webtiles) character file.

Game seed: 15002315667967456964

39 varam the Sneak (level 3, 12/16 HPs)
             Began as a Spriggan Enchanter on Sept 18, 2021.
             Quit the game on level 2 of the Dungeon on Sept 19, 2021.
             The game lasted 00:09:02 (1563 turns).

varam the Sneak (Spriggan Enchanter)                Turns: 1563, Time: 00:09:02

Health: 12/16      AC:  2    Str:  5    XL:     3   Next: 28%
Magic:  8/8        EV: 17    Int: 16    God:
Gold:   60         SH:  0    Dex: 15    Spells: 5/7 levels left

rFire   . . .      SeeInvis +   a - +1 dagger
rCold   . . .      Faith    .   (shield restricted)
rNeg    . . .      Spirit   .   b - +0 robe
rPois   .          Reflect  .   (helmet restricted)
rElec   .          Harm     .   (no cloak)
rCorr   .          Rampage  .   (gloves unavailable)
Will    .....                   (boots unavailable)
Stlth   +++.......              (no amulet)
HPRegen 0.05/turn               (no ring)
MPRegen 0.11/turn               (no ring)

@: very quick
A: very small, no large weapons, unfitting armour, see invisible, speed 3
a: no special abilities


You were on level 2 of the Dungeon.
You visited 1 branch of the dungeon, and saw 2 of its levels.

You collected 60 gold pieces.

Inventory:

Hand Weapons
 a - a +1 dagger (weapon)
 g - a +0 short sword
   (You found it on level 1 of the Dungeon)
Missiles
 e - 65 stones (quivered)
Armour
 b - a +0 robe (worn)
Scrolls
 f - a scroll of brand weapon {unknown}
 i - a scroll of enchant weapon {unknown}
 k - a scroll of identify {unknown}
Potions
 c - a potion of invisibility
 d - 2 potions of magic {unknown}
 h - 2 potions of haste {unknown}
 j - a potion of might {unknown}


   Skills:
 + Level 2.6 Short Blades
 - Level 2.6 Dodging
 + Level 5.7 Stealth
 - Level 2.6 Spellcasting
 - Level 3.6 Hexes


You had 5 spell levels left.
You knew the following spells:

 Your Spells              Type           Power      Damage    Failure   Level
a - Ensorcelled Hibernat  Hex/Ice        14%        N/A       14%         2

Your spell library contained the following spells:

 Spells                   Type           Power      Damage    Failure   Level
 Confusing Touch          Hex            13%        N/A       13%         3
 Tukima's Dance           Hex            13%        N/A       13%         3
 Dazzling Flash           Conj/Hex       14%        N/A       28%         3


Dungeon Overview and Level Annotations

Branches:
Dungeon (2/15)

Altars:


Innate Abilities, Weirdness & Mutations

You are very small and have problems with some larger weapons.
You are too small for most types of armour.
You have supernaturally acute eyesight. (SInv)
You cover ground extremely quickly. (Speed+++)


Message History

You now have 60 gold pieces (gained 10).
You see here a +0 dagger.
You catch the helpless kobold completely off-guard!
You puncture the kobold!
You kill the kobold!
j - a cyan potion;
k - a scroll labelled LARULA CORAD
There is a stone staircase leading up, spattered with blood here.
Things that are here:
a +0 dagger; a kobold corpse A bat comes into view.
Found a stone staircase leading down.
The bat closely misses you. The bat completely misses you.
You hit the bat.
The bat is moderately wounded.
The bat misses you. The bat closely misses you.
A kobold comes into view. It is wielding a +0 whip.
Found 7 gold pieces.
You hit the bat but do no damage. The bat misses you.
A quokka comes into view.
The bat barely misses you.
You closely miss the bat. The bat misses you.
Found 17 arrows.
You hit the bat.
The bat is moderately wounded.
The bat misses you. The quokka completely misses you.
You closely miss the quokka. The quokka bites you.
The bat hits you but does no damage.
You barely miss the bat.
The bat is moderately wounded.
The bat hits you. The bat barely misses you. The quokka misses you.
The bat hits you but does no damage.
You closely miss the bat.
The bat is moderately wounded.
The bat closely misses you. The quokka misses you.
There are monsters nearby!
Welcome back, varam the Spriggan Enchanter.
Press ? for a list of commands and other information.
Are you sure you want to abandon this character and quit the game? (Confirm with "yes".)

#..........#
#..........#########
#..................##
#####................
#...####....#######..
#>.. ##....#### ##.
#... ##......#####
#..b### ##...#.....)
#..r@.# ###..<..###
#...#.## #####.#.##
#.K.#..# #.......#
#...##.###.#####....#
#..( #.....# #.##.#
###. ###..## #.. . #.
#..# ##.# #. #..# ..
#..# #.


You could see a quokka, a bat and a kobold (asleep).

Vanquished Creatures
  An adder (D:2)
  3 endoplasms (D:1)
  A giant cockroach (D:1)
  6 goblins
  3 hobgoblins
  6 kobolds
  6 bats (D:1)
  2 frilled lizards
28 creatures vanquished.

Notes
Turn   | Place    | Note
-------+----------+-------------------------------------------
     0 | D:1      | varam the Spriggan Enchanter began the quest for the Orb.
     0 | D:1      | Reached XP level 1. HP: 9/9 MP: 5/5
   391 | D:2      | Noticed an ogre
   416 | D:1      | Reached skill level 5 in Stealth
   416 | D:1      | Reached XP level 2. HP: 12/13 MP: 6/6
   419 | D:1      | Learned a level 2 spell: Ensorcelled Hibernation
  1216 | D:2      | Reached XP level 3. HP: 16/16 MP: 8/8
  1563 | D:2      | Upgraded the game from 0.28-a0-479-g5baa6b73be to
                  | 0.28-a0-494-ge2d2658822
  1563 | D:2      | Quit the game

Illustrated notes

Levels and vault maps discovered:
D:1:      ncdulo_smallfort, layout_loops_ring,
          shapermc_ecumenical_altar_hornbeckon, minmay_misc_feat_columns,
          skrybe_limestone_x, minmay_crystal_water
D:2:      layout_rooms, kennysheep_minor_cross

Skill      XL: |  1  2 |
---------------+-------+-----
Stealth        | 5 |  5.7
Short Blades   | 2 |  2.6
Dodging        | |  2.6
Spellcasting   | |  2.6
Hexes          | |  3.6

Action                   || total
-------------------------++-------
Melee: Dagger            ||   106
 Cast: Ensorcelled Hiber ||     5
 Stab: Sleeping          ||     9
       Distracted        ||     1
Armor: Robe              ||    19
Dodge: Dodged            ||    80

Table legend: (Time is in decaauts)
 A = Elapsed time spent in this place.
 B = Non-inter-level travel time spent in this place.
 C = Inter-level travel time spent in this place.
 D = Time resting spent in this place.
 E = Time spent auto-exploring this place.
 F = Levels seen in this place.
 G = Mean time per level.
                   A        B        C        D        E       F      G
               +--------+--------+--------+--------+--------+-----+--------+
         Total |   1227 |   1227 |      0 |    100 |    684 |   2 |  613.5 |
       Dungeon |   1227 |   1227 |      0 |    100 |    684 |   2 |  613.5 |
               +--------+--------+--------+--------+--------+-----+--------+

Top non-repeatable levels by time:
     D:1: 939 daAuts
     D:2: 288 daAuts
